cohdb
Replays
Latest Replays
All Replays
Popular Replays
Top Player Replays
Match Explorer
How It Works
Community
CoH3 Stats
Reddit
Sign in to upload your games and track your stats! →
Sign in with Steam
Match 42780566
Unlisted
Match 42780566
Overview
Messages
Build Orders
End
Construct Barracks
Engineer Squad
Riflemen Squad
Riflemen Squad
Riflemen Squad
Construct Medical Station
Infantry Support Center
Construct Weapon Support Center
Selects Armored Battlegroup
Selects Veteran Crews
Selects Fast Deploy
M3 Armored Personnel Carrier
Bazooka Squad
M1919 Machine Gun Team
Selects M8 Scott SPG
M8 Scott SPG
M3 Armored Personnel Carrier
M3 Armored Personnel Carrier
Selects M31 Recovery Vehicle
Selects War Machine
Grenade Package
Mortar Pit
M3 Armored Personnel Carrier
HulkSMASH
⚓️Ruby⚓
*Mule
FeriG
0
0
Comments
sign in to comment!
No comments posted yet!